 Dungeon Crawl Stone Soup version 0.29.0-4-gdea44cf6ec (webtiles) character file.

Game seed: 17876824696233226130

459 qw the Chopper (level 7, -8/40 HPs)
             Began as a Tengu Warper on Aug 28, 2022.
             Was an Initiate of Okawaru.
             Mangled by Duvessa
             ... wielding a +0 short sword
              (9 damage)
             ... on level 4 of the Dungeon.
             The game lasted 00:00:23 (4656 turns).

qw the Chopper (Tengu Warper)                       Turns: 4656, Time: 00:00:23

Health: -8/40      AC: 11    Str: 13    XL:     7   Next: 6%
Magic:  11/11      EV:  5    Int: 14    God:    Okawaru [......]
Gold:   227        SH:  0    Dex: 13    Spells: 10/10 levels left

rFire   . . .      SeeInvis .   Y - +2 hand axe
rCold   . . .      Faith    .   (no shield)
rNeg    . . .      Spirit   .   g - +0 plate armour
rPois   .          Reflect  .   (helmet restricted)
rElec   .          Harm     .   (no cloak)
rCorr   .          Rampage  .   (no gloves)
Will    .....                   (boots unavailable)
Stlth   ..........              (no amulet)
HPRegen 0.13/turn               (no ring)
MPRegen 0.12/turn               (no ring)

@: about to teleport, flying quickly and evasively, quick
A: beak, talons 3, nimble flight
a: Renounce Religion


You were on level 4 of the Dungeon.
You worshipped Okawaru.
Okawaru was noncommittal.
You visited 2 branches of the dungeon, and saw 5 of its levels.

You collected 227 gold pieces.


Innate Abilities, Weirdness & Mutations

You have a beak for a mouth.
You have claws for feet.
Your magical nature lets you fly swiftly and evasively.


   Skills:
 + Level 2.1 Fighting
 - Level 7.5 Axes
 - Level 1.0 Throwing
 - Level 3.0 Armour
 - Level 2.1 Dodging
 - Level 2.0 Spellcasting
 - Level 2.4 Translocations


You had 10 spell levels left.
You didn't know any spells.
Your spell library contained the following spells:

 Spells                   Type           Power      Damage    Failure   Level
 Blink                    Tloc           16%        N/A       100%        2
 Gell's Gravitas          Tloc           8%         N/A       100%        3
 Lesser Beckoning         Tloc           8%         N/A       100%        3
 Teleport Other           Tloc           8%         N/A       100%        3
 Manifold Assault         Tloc           8%         N/A       100%        5

Inventory:

Hand Weapons
 e - a +0 flail
 Y - a +2 hand axe (weapon)
Armour
 g - a +0 plate armour (worn)
Scrolls
 d - a scroll of identify
Potions
 b - a potion of mutation
 c - a potion of lignification {unknown}
 f - a potion of flight {unknown}
 h - 2 potions of cancellation
 j - 3 potions of curing {unknown}

Dungeon Overview and Level Annotations

Branches:
Dungeon (4/15)             Temple (1/1) D:4

Altars:
Ashenzari
Cheibriados
Dithmenos
Elyvilon
Fedhas
Kikubaaqudgha
Makhleb
Okawaru
Qazlal
Sif Muna
Vehumet
Wu Jian
Xom
Yredelemnul
Zin
The Shining One

Shops:
D:1 [

Annotations:
D:2 1 runed translucent door, Crazy Yiuf
D:4 Duvessa


Message History

You resist with some effort.
You closely miss Dowan.
Dowan is heavily wounded.
You completely miss Duvessa.
A bullfrog comes into view.
Dowan hits you but does no damage. Duvessa hits you with a +0 short sword.
The bullfrog gives a loud, deep croak!
You hit Dowan.
Dowan is heavily wounded.
You hit Duvessa but do no damage. You miss Dowan. You claw Dowan.
Your peck misses Dowan.
Dowan is almost dead.
You closely miss Duvessa.
Dowan casts a spell.
Dowan blinks!
Duvessa hits you with a +0 short sword.
You hit Duvessa. Your kick misses Duvessa. You peck Duvessa, but do no damage.
Duvessa is lightly wounded.
Duvessa hits you but does no damage.
The bullfrog hits you but does no damage.
You completely miss Duvessa. You claw Duvessa.
Duvessa is moderately wounded.
You hit the bullfrog but do no damage. Duvessa hits you with a +0 short sword.
The bullfrog hits you but does no damage.
Dowan gestures at you while chanting. The puff of flame hits you!
4655 ||| READING scroll of teleportation.
As you read the scroll of teleportation, it crumbles to dust.
You feel strangely unstable.
The bullfrog hits you but does no damage.
Duvessa hits you with a +0 short sword.
The bullfrog hits you but does no damage.
You hit Dowan.
You kill Dowan!
Okawaru accepts your kill.
Duvessa weeps, and shakes her weapon.
Duvessa goes berserk!
You barely miss Duvessa. You completely miss the bullfrog.
Duvessa hits you with a +0 short sword! The bullfrog barely misses you.
Duvessa hits you with a +0 short sword!
You die...

###..#..
#....#.. #
# ###.
###......
...#
####...
........
.#. .......
#...!. ..
.....#
#....# #e#
#... #....#
..# .. #..
#...F##.#
..... ##.>
#...)@e.#
....##...
###)##..#
....##..
#...##..#
#....##.
#.####..#
#.....# #.#
#..#
#####.##...
#.# #...
........#..
###.# #.###
#####.....%
#...# #.#
##........
##.######.#
##...#.....


You could see Duvessa (berserk) and a bullfrog.

Vanquished Creatures
  Grinder (D:4)
  A scorpion (D:4)
  Dowan (D:4)
  An orc wizard (D:4)
  8 adders
  2 worms
  A dart slug (D:2)
  7 orcs
  12 endoplasms
  4 giant cockroaches
  9 goblins
  6 hobgoblins
  2 jackals (D:1)
  4 quokkas
  6 ball pythons
  7 bats
  6 frilled lizards
  8 kobolds
  2 rats
88 creatures vanquished.

Notes
Turn   | Place    | Note
-------+----------+-------------------------------------------
     0 | D:1      | qw the Tengu Warper began the quest for the Orb.
     0 | D:1      | Reached XP level 1. HP: 12/12 MP: 4/4
     0 | D:1      | 0 ||| qw: Version: 0.1-a-89-g26bdef1
     0 | D:1      | 0 ||| qw: Game counter: 268
     0 | D:1      | 0 ||| qw: Always use a shield: true
     0 | D:1      | 0 ||| qw: God list: Okawaru
     0 | D:1      | 0 ||| qw: Allow faded altars: false
     0 | D:1      | 0 ||| qw: Do Orc after D:15 true
     0 | D:1      | 0 ||| qw: Do second Lair branch before Depths: true
     0 | D:1      | 0 ||| qw: Lair rune preference: random
     0 | D:1      | 0 ||| qw: Plans: Normal
     0 | D:1      | 0 ||| PLANNING D:1-11
   111 | D:1      | Found Inil's Antique Armour Emporium.
   118 | D:1      | Reached XP level 2. HP: 12/17 MP: 6/6
   119 | D:1      | 119 ||| Stepping ~*~*~tactically~*~*~ (stealth).
   122 | D:1      | Reached skill level 3 in Axes
   352 | D:1      | 352 ||| SHOPLISTING chain mail (130 gold, have 10).
   352 | D:1      | 352 ||| SHOPLISTING crude plate armour (812 gold, have 10).
   352 | D:1      | 352 ||| SHOPLISTING plate armour (667 gold, have 10).
   352 | D:1      | 352 ||| SHOPLISTING ring mail (116 gold, have 10).
   615 | D:1      | HP: 4/17 [ball python (2)]
   887 | D:1      | Found a faded altar of an unknown god.
   910 | D:1      | 910 ||| Stepping ~*~*~tactically~*~*~ (stealth).
  1016 | D:1      | Reached XP level 3. HP: 21/21 MP: 7/7
  1147 | D:1      | Reached skill level 4 in Axes
  1474 | D:1      | 1474 ||| UPGRADING to +0 plate armour.
  1484 | D:1      | 1484 ||| DROPPING +0 leather armour.
  1485 | D:1      | 1485 ||| READING scroll labelled OXERAOH YTUO.
  1486 | D:1      | 1486 ||| READING scroll labelled FUEDES JARICA.
  1487 | D:1      | 1487 ||| READING scroll labelled XEEKUA YBUPHU.
  1488 | D:1      | 1488 ||| DROPPING scroll of blinking.
  1982 | D:2      | Reached XP level 4. HP: 26/26 MP: 8/8
  2255 | D:2      | 2255 ||| Stepping ~*~*~tactically~*~*~ (stealth).
  2272 | D:2      | Found a runed translucent door.
  2273 | D:2      | Noticed Crazy Yiuf
  2384 | D:2      | 2384 ||| DROPPING +0 club.
  2553 | D:2      | 2553 ||| Stepping ~*~*~tactically~*~*~ (stealth).
  2924 | D:2      | 2924 ||| READING scroll labelled KOVYAL KIOKO.
  2925 | D:2      | 2925 ||| READING scroll labelled HIMMILI TOIS.
  2926 | D:2      | 2926 ||| READING 3 scrolls labelled ZUTAIZ ZULE.
  2927 | D:2      | 2927 ||| READING 2 scrolls of identify.
  2927 | D:2      | 2927 ||| IDENTIFYING inky potion
  3058 | D:3      | Found an ancient bone altar of Kikubaaqudgha.
  3058 | D:3      | Found a glowing silver altar of Zin.
  3412 | D:3      | 3412 ||| Stepping ~*~*~tactically~*~*~ (stealth).
  3417 | D:3      | Reached skill level 5 in Axes
  3426 | D:3      | 3426 ||| DROPPING +0 hammer.
  3451 | D:3      | 3451 ||| Stepping ~*~*~tactically~*~*~ (stealth).
  3555 | D:3      | 3555 ||| Stepping ~*~*~tactically~*~*~ (stealth).
  3557 | D:3      | 3557 ||| Stepping ~*~*~tactically~*~*~ (hiding).
  3564 | D:3      | Gained mutation: Your magical nature lets you fly swiftly
                  | and evasively. [Tengu growth]
  3564 | D:3      | Reached XP level 5. HP: 27/30 MP: 9/9
  3879 | D:3      | 3879 ||| READING scroll labelled AGACZA BUGE.
  3880 | D:3      | 3880 ||| READING scroll labelled YNUGEAXTYV.
  4017 | D:3      | 4017 ||| READING 2 scrolls of identify.
  4017 | D:3      | 4017 ||| IDENTIFYING fuming yellow potion
  4026 | D:4      | Noticed Grinder
  4037 | D:4      | Paralysed by Grinder for 2 turns
  4049 | D:4      | Reached skill level 6 in Axes
  4058 | D:4      | Killed Grinder
  4059 | D:4      | Reached skill level 7 in Axes
  4059 | D:4      | Reached XP level 6. HP: 19/35 MP: 10/10
  4266 | D:4      | 4266 ||| READING scroll of enchant weapon.
  4266 | D:4      | 4266 ||| ENCHANTING +1 hand axe.
  4323 | D:4      | Reached XP level 7. HP: 40/40 MP: 11/11
  4324 | D:4      | 4324 ||| Stepping ~*~*~tactically~*~*~ (stealth).
  4325 | D:4      | 4325 ||| Stepping ~*~*~tactically~*~*~ (stealth).
  4327 | D:4      | 4327 ||| Stepping ~*~*~tactically~*~*~ (stealth).
  4328 | D:4      | 4328 ||| Stepping ~*~*~tactically~*~*~ (stealth).
  4328 | D:4      | Found a staircase to the Ecumenical Temple.
  4329 | D:4      | 4329 ||| PLANNING TEMPLE
  4329 | D:4      | 4329 ||| Stepping ~*~*~tactically~*~*~ (stealth).
  4330 | D:4      | 4330 ||| Stepping ~*~*~tactically~*~*~ (stealth).
  4414 | D:4      | 4414 ||| READING 2 scrolls labelled WASMAE YSINAT.
  4427 | Temple   | Entered the Ecumenical Temple
  4444 | Temple   | Became a worshipper of Warmaster Okawaru
  4487 | Temple   | 4487 ||| PLANNING D:1-11
  4546 | D:4      | Reached skill level 3 in Armour
  4630 | D:4      | 4630 ||| Stepping ~*~*~tactically~*~*~ (stealth).
  4631 | D:4      | 4631 ||| Stepping ~*~*~tactically~*~*~ (stealth).
  4632 | D:4      | 4632 ||| Stepping ~*~*~tactically~*~*~ (stealth).
  4637 | D:4      | Noticed Duvessa
  4638 | D:4      | 4638 ||| Stepping ~*~*~tactically~*~*~ (stealth).
  4641 | D:4      | Noticed Dowan
  4642 | D:4      | 4642 ||| Stepping ~*~*~tactically~*~*~ (hiding).
  4643 | D:4      | 4643 ||| Stepping ~*~*~tactically~*~*~ (stealth).
  4644 | D:4      | 4644 ||| Stepping ~*~*~tactically~*~*~ (stealth).
  4654 | D:4      | HP: 10/40 [Dowan/puff of flame (7)]
  4655 | D:4      | 4655 ||| READING scroll of teleportation.
  4656 | D:4      | Killed Dowan
  4656 | D:4      | HP: 1/40 [Duvessa/+0 short sword (7)]
  4656 | D:4      | Mangled by Duvessa

Levels and vault maps discovered:
D:1:      mainiacjoe_arrival_reflecting_pool, layout_loops_ring, serial_shops,
          shop_fountains, basic_ecumenical_altar, grunt_decor_fettered
D:2:      layout_basic, uniq_crazy_yiuf_cottage
D:3:      layout_loops_ring, gammafunk_temple_overflow_pools,
          guppyfry_early_orc_mine
D:4:      layout_rooms, minmay_temple_entry_wispy, uniq_duvessa, uniq_grinder
Temple:   zaba_magenta_temple

Skill      XL: |  1  2  3  4  5  6  7 |
---------------+----------------------+-----
Axes           | 3 4 5 7 |  7.5
Armour         | 2 3 |  3.0
Fighting       | |  2.1
Throwing       | |  1.0
Dodging        | |  2.1
Spellcasting   | |  2.0
Translocations | |  2.4

Action                   |  1- 3 |  4- 6 |  7- 9 || total
-------------------------+-------+-------+-------++-------
Melee: Hand axe          |    93 |    93 |    24 ||   210
       Kick              |    14 |    23 |     6 ||    43
       Peck              |    13 |    13 |     3 ||    29
       Punch             |       |     2 |       ||     2
       Unarmed           |       |    22 |       ||    22
Throw: Boomerang         |     7 |       |       ||     7
  Use: Scroll            |     3 |     8 |     2 ||    13
 Stab: Distracted        |       |     1 |       ||     1
Armor: Leather armour    |    26 |       |       ||    26
       Plate armour      |    11 |    55 |    14 ||    80
       Skin              |       |     7 |       ||     7
Dodge: Dodged            |    45 |    54 |     3 ||   102

Table legend:
 A = Non-vault XP
 B = Vault XP
 C = Vault XP percentage of total XP
 D = Non-vault monster count
 E = Vault monster count
 F = Vault count percentage of total count
                 A         B        C        D         E       F
            +---------+---------+-------+---------+---------+-------
      Total |     351 |     375 |  51.7 |      79 |       9 |  10.2
            +---------+---------+-------+---------+---------+-------
        D:1 |      51 |       0 |   0.0 |      33 |       0 |   0.0
        D:2 |      89 |       0 |   0.0 |      22 |       0 |   0.0
        D:3 |      12 |      16 |  57.1 |       6 |       7 |  53.8
        D:4 |     199 |     359 |  64.3 |      18 |       2 |  10.0
            +---------+---------+-------+---------+---------+-------
